 Dungeon Crawl Stone Soup version 0.29.1-1-gd02db6906a (webtiles) character file.

Game seed: 14625890151479185014

13 Marcotte the Conjurer (level 2, -1/28 HPs)
             Began as a Human Conjurer on Sept 19, 2022.
             Slain by Sigmund
             ... wielding a +2 scythe of freezing
              (4 damage)
             ... on level 2 of the Dungeon.
             The game lasted 00:02:56 (1982 turns).

Marcotte the Conjurer (Human Conjurer)              Turns: 1982, Time: 00:02:57

Health: -1/28      AC: 21    Str:  7    XL:     2   Next: 50%
Magic:  1/5        EV:  2    Int: 18    God:
Gold:   70         SH:  5    Dex: 11    Spells: 2/5 levels left

rFire   . . .      SeeInvis .   f - staff of death
rCold   . . .      Faith    .   (no shield)
rNeg    + . .      Spirit   .   (body armour currently unavailable)
rPois   +          Reflect  +   (helmet currently unavailable)
rElec   .          Harm     .   (cloak currently unavailable)
rCorr   .          Rampage  .   (gloves currently unavailable)
Will    .....      NoTele   +   (boots currently unavailable)
Stlth   ++........              g - amulet of reflection
HPRegen 0.09/turn               (no ring)
MPRegen 0.09/turn               (no ring)

@: tree-form
A: stationary, stasis, torment immunity, boosted hp
a: no special abilities


You were on level 2 of the Dungeon.
You were a tree.
You visited 1 branch of the dungeon, and saw 2 of its levels.

You collected 70 gold pieces.

Inventory:

Armour
 a - a +0 robe (melded)
Magical Staves
 f - a staff of death (weapon)
Jewellery
 g - an amulet of reflection (around neck)
Wands
 j - a wand of iceblast (9)
Scrolls
 b - a scroll of summoning {unknown}
 d - a scroll of noise {unknown}
 e - a scroll of immolation {unknown}
 i - a scroll of enchant weapon {unknown}
Potions
 h - a potion of degeneration {unknown}


   Skills:
 + Level 2.1 Dodging
 + Level 2.0 Stealth
 + Level 2.1 Spellcasting
 + Level 4.4 Conjurations


You had 2 spell levels left.
You knew the following spells:

 Your Spells              Type           Power      Damage    Failure   Level
a - Magic Dart            Conj           68%        1d6       3%          1
b - Searing Ray           Conj           34%        2d5       4%          2

Your spell library contained the following spells:

 Spells                   Type           Power      Damage    Failure   Level
 Dazzling Flash           Conj/Hex       18%        N/A       22%         3
 Fulminant Prism          Conj/Hex       4%         3d6       58%         4
 Iskenderun's Mystic Bla  Conj/Tloc      9%         2d4       58%         4


Dungeon Overview and Level Annotations

Branches:
Dungeon (2/15)

Altars:

Annotations:
D:2 Sigmund


Message History

Confirm with . or Enter, or press ? or * to list all spells.
Aiming: Magic Dart (safe; 3% risk of failure)
Press: ? - help, Shift-Dir - straight line, f/p - jackal
Aim: a jackal (moderately wounded, 100% to hit)
The magic dart hits the jackal.
The jackal is severely wounded.
The jackal completely misses you. The jackal bites you.
Casting: Magic Dart (safe; 3% risk of failure)
Confirm with . or Enter, or press ? or * to list all spells.
You don't have enough magic to cast this spell.
Unknown command.
You closely miss the jackal.
The jackal is severely wounded.
The jackal bites you but does no damage.
You hit the jackal but do no damage.
The jackal is severely wounded.
The jackal closely misses you. Something hits you. Something freezes you.
* * * LOW HITPOINT WARNING * * *
The jackal bites you but does no damage.
You barely miss the jackal.
The jackal is severely wounded.
The jackal bites you but does no damage.
Something hits you.
* * * LOW HITPOINT WARNING * * *
Something freezes you.
* * * LOW HITPOINT WARNING * * *
The jackal closely misses you. The jackal bites you.
* * * LOW HITPOINT WARNING * * *
It was a potion of lignification.
You turn into a tree.
Your +0 robe melds into your body.
Your roots penetrate the ground.
You block the jackal's attack. Something hits you but does no damage.
Unknown command.
Unknown command.
Unknown command.
You closely miss the jackal.
The jackal is severely wounded.
The jackal bites you but does no damage.
The jackal barely misses you. Something hits you.
You die...

..#.......#..
###............
.?..........#
#..........#
#..........#
#.....>....#
#######.........##
.................#
.#####......♣...#
##.....{h....#
###!.†.....$...#
#).............#
.....####.<......##
...... #..#.....##
....# #..#).####
.... #†....## ...
...#..##


You could see a jackal.

Vanquished Creatures
  2 giant cockroaches (D:1)
  A hobgoblin (D:1)
  A jackal (D:2)
  3 ball pythons
  3 frilled lizards
  A kobold (D:2)
  3 rats
14 creatures vanquished.

Notes
Turn   | Place    | Note
-------+----------+-------------------------------------------
     0 | D:1      | Marcotte the Human Conjurer began the quest for the Orb.
     0 | D:1      | Reached XP level 1. HP: 13/13 MP: 3/3
  1234 | D:1      | Reached XP level 2. HP: 18/19 MP: 0/5
  1237 | D:1      | Learned a level 2 spell: Searing Ray
  1964 | D:2      | Noticed Sigmund
  1982 | D:2      | Slain by Sigmund

Illustrated notes

Levels and vault maps discovered:
D:1:      lightli_arrival_flooded_house, layout_basic, chequers_hall_statues_y,
          minmay_fountain_box, lemuel_flame_loot_1
D:2:      layout_rooms, minmay_vboxes, uniq_sigmund

Action                   || total
-------------------------++-------
Melee: Staff             ||    20
 Cast: Magic Dart        ||    25
  Use: Potion            ||     2
Armor: Robe              ||     7
       Skin              ||     2
Dodge: Dodged            ||    23
Block: Other             ||     1
